 Dungeon Crawl Stone Soup version 0.30-a0-585-g93115170b9 (webtiles) character file.

Game seed: 4818283125181188174

98 wormed the Slasher (level 4, 0/28 HPs)
             Began as a Tengu Berserker on Jan 2, 2023.
             Was a Believer of Trog.
             Slain by a worm (4 damage)
             ... on level 2 of the Dungeon.
             The game lasted 00:01:39 (1406 turns).

wormed the Slasher (Tengu Berserker)                Turns: 1406, Time: 00:01:39

Health: 0/28       AC:  3    Str: 18    XL:     4   Next: 71%
Magic:  5/5        EV: 12    Int:  7    God:    Trog [**....]
Gold:   105        SH:  0    Dex: 12    Spells: 3/3 levels left

rFire   . . .      SeeInvis .    a - +0 falchion
rCold   + . .      Faith    +    (no shield)
rNeg    . . .      Spirit   .    b - +1 animal skin
rPois   +          Reflect  .    (helmet restricted)
rElec   .          Harm     .    (no cloak)
rCorr   .          Rampage  .    (no gloves)
Will    +....                    (boots unavailable)
Stlth   +                        e - amulet of Quhiff {Faith rPois rC+ Will+ Dex-3}
HPRegen 0.24/turn                (no ring)
MPRegen 0.09/turn                (no ring)

@: lethally poisoned (0 -> -1)
A: beak, talons 3
a: Renounce Religion, Berserk, Trog's Hand


You were on level 2 of the Dungeon.
You worshipped Trog.
Trog was pleased with you.
You visited 1 branch of the dungeon, and saw 2 of its levels.

You collected 105 gold pieces.

Inventory:

Hand Weapons
 a - a +0 falchion (weapon)
Armour
 b - a +1 animal skin (worn)
Jewellery
 e - the amulet of Quhiff (around neck) {Faith rPois rC+ Will+ Dex-3}
   (You acquired it on level 1 of the Dungeon)

   [amulet of faith]

   It allows you to gain divine favour quickly.
   Dex:       It affects your dexterity (-3).
   rC:        It protects you from cold.
   rPois:     It protects you from poison.
   Will:      It increases your willpower.
Scrolls
 g - a scroll of vulnerability {unknown}
 i - a scroll of immolation {unknown}
 j - a scroll of noise {unknown}
 k - a scroll of teleportation {unknown}
 l - a scroll of poison {unknown}
Potions
 c - a potion of might {unknown}
 d - 2 potions of attraction {unknown}
 f - a potion of curing {unknown}
 h - a potion of brilliance {unknown}
 m - a potion of lignification {unknown}


   Skills:
 + Level 3.5 Fighting
 * Level 4.5 Long Blades
 + Level 3.0 Armour
 + Level 3.0 Dodging


You had 3 spell levels left.
You didn't know any spells.
Your spell library was empty.

Dungeon Overview and Level Annotations

Branches:
Dungeon (2/15)

Altars:
Xom


Innate Abilities, Weirdness & Mutations

You have a beak for a mouth.
You have claws for feet.


Message History

You are too injured to fight recklessly!
You are too injured to fight recklessly!
You are too injured to fight recklessly!
You are too injured to fight recklessly!
You are too injured to fight recklessly!
You are too injured to fight recklessly!
You are too injured to fight recklessly!
You are too injured to fight recklessly!
You are too injured to fight recklessly!
You are too injured to fight recklessly!
You are too injured to fight recklessly!
You are too injured to fight recklessly!
You are too injured to fight recklessly!
You are too injured to fight recklessly!
You are too injured to fight recklessly!
You are too injured to fight recklessly!
You are too injured to fight recklessly!
Unknown command.
The goblin attacks as you move away! The goblin barely misses you.
You feel sick.
You barely miss the goblin.
You feel sick. The goblin hits you with a +0 club.
* * * LOW HITPOINT WARNING * * *
You hit the goblin.
You kill the goblin!
Trog accepts your kill.
You feel sick.
You hit the adder.
You kill the adder!
Trog accepts your kill.
You can now call upon Trog for regeneration and willpower.
You feel sick.
Your Armour skill increases to level 3!
Your Dodging skill increases to level 3!
You slash the worm!
The worm is heavily wounded.
You feel sick.
You hit the worm.
The worm is almost dead.
You feel sick. The worm bites you.
You die...

#########
#........## #
#.........# #
#########........#
......†...#####..#
#########.#...#..#
#.##.##..#
#.#?!!#..#
#.##w##..#
#...@....#
#####....# #####


You could see a worm.

Vanquished Creatures
  Natasha (D:2)
  Terence (D:2)
  2 adders (D:2)
  2 dart slugs
  A bat (D:2)
  2 endoplasms (D:1)
  2 giant cockroaches (D:1)
  3 goblins (D:2)
  2 hobgoblins
  3 kobolds
  3 ball pythons
  2 frilled lizards (D:2)
  3 rats
27 creatures vanquished.

Notes
Turn   | Place    | Note
-------+----------+-------------------------------------------
     0 | D:1      | wormed the Tengu Berserker began the quest for the Orb.
     0 | D:1      | Reached XP level 1. HP: 14/14 MP: 2/2
   264 | D:1      | Reached XP level 2. HP: 18/19 MP: 3/3
   652 | D:1      | Found a faded altar of an unknown god.
   810 | D:1      | Identified a scroll of acquirement
   810 | D:1      | Acquired the amulet of Quhiff {Faith rPois rC+ Will+ Dex-3}
   824 | D:2      | Noticed Terence
   836 | D:2      | Killed Terence
   837 | D:2      | Reached skill level 4 in Long Blades
   837 | D:2      | Reached XP level 3. HP: 7/23 MP: 4/4
  1086 | D:2      | Noticed Natasha
  1094 | D:2      | Killed Natasha
  1095 | D:2      | Reached XP level 4. HP: 22/28 MP: 5/5
  1133 | D:2      | Found a shimmering altar of Xom.
  1404 | D:2      | Reached ** piety under Trog
  1406 | D:2      | Slain by a worm

Illustrated notes

Levels and vault maps discovered:
D:1:      dpeg_arrival_central, layout_loops_ring,
          shapermc_ecumenical_altar_mp_vishouse
D:2:      layout_basic, basic_altar, chequers_mini_garden, chequers_arboretum,
          minmay_split_cup_small, uniq_natasha, uniq_terence

Skill      XL: |  1  2  3  4 |
---------------+-------------+-----
Long Blades    | 4 |  4.5
Armour         | 3 |  3.0
Dodging        | 3 |  3.0
Fighting       | |  3.5

Action                   |  1- 3 |  4- 6 || total
-------------------------+-------+-------++-------
Melee: Falchion          |    46 |    24 ||    70
       Peck              |     8 |     1 ||     9
       Kick              |     9 |     4 ||    13
       Punch             |       |     1 ||     1
Invok: Berserk           |     1 |       ||     1
  Use: Scroll            |     2 |       ||     2
 Stab: Sleeping          |     1 |       ||     1
Armor: Animal skin       |     5 |     4 ||     9
Dodge: Dodged            |    31 |    14 ||    45

Table legend: (Time is in decaauts)
 A = Elapsed time spent in this place.
 B = Non-inter-level travel time spent in this place.
 C = Inter-level travel time spent in this place.
 D = Time resting spent in this place.
 E = Time spent auto-exploring this place.
 F = Levels seen in this place.
 G = Mean time per level.
                   A        B        C        D        E       F      G
               +--------+--------+--------+--------+--------+-----+--------+
         Total |   1420 |   1420 |      0 |     34 |   1182 |   2 |  710.0 |
       Dungeon |   1420 |   1420 |      0 |     34 |   1182 |   2 |  710.0 |
               +--------+--------+--------+--------+--------+-----+--------+

Top non-repeatable levels by time:
     D:1: 823 daAuts
     D:2: 596 daAuts
